 Dungeon Sprint DCSS version 0.30-a0-920-g7493c07aab (webtiles) character file.

Game seed: 3844069251655975667

2429 dialectric the Imperceptible (level 9, -2/64 HPs)
             Began as an Octopode Brigand on Mar 21, 2023.
             Was a Believer of Trog.
             Slain by a wyvern (7 damage)
             ... in the Dungeon (Sprint II: "The Violet Keep of Menkaure").
             The game lasted 00:02:36 (368 turns).

dialectric the Imperceptible (Octopode Brigand)      Turns: 368, Time: 00:02:37

Health: -2/64      AC:  1    Str: 10    XL:     9   Next: 48%
Magic:  9/9        EV: 14    Int: 14    God:    Trog [**....]
Gold:   808        SH:  0    Dex: 17    Spells: 8/8 levels left

rFire   . . .      SeeInvis .    a - +2 dagger
rCold   . . .      Faith    .    (no shield)
rNeg    . . .      Spirit   .    (helmet restricted)
rPois   .          Reflect  .    (no amulet)
rElec   .          Rampage  .    (no ring)
rCorr   .          NoTele   +    (no ring)
Will    .....                    (no ring)
Stlth   ++++++++++               (no ring)
HPRegen 0.30/turn                (no ring)
MPRegen 0.11/turn                (no ring)
                                 (no ring)
                                 (no ring)

@: hasted and slowed
A: almost no armour, amphibious, 8 rings, camouflage 1, gelatinous body 1,
(nimble swimmer 1), tentacles
a: Renounce Religion, Berserk, Trog's Hand


You were in the Dungeon.
You worshipped Trog.
Trog was pleased with you.
You visited 1 branch You collected 808 gold pieces.

Inventory:

Hand Weapons
 a - a +2 dagger (weapon)
Missiles
 b - 12 poisoned darts (quivered)
 c - 3 curare-tipped darts
Jewellery
 l - a ring of positive energy
 r - a ring of fire
Scrolls
 i - a scroll of blinking
 k - 4 scrolls of fear {unknown}
 m - a scroll of amnesia {unknown}
 p - a scroll of fog {unknown}
 q - a scroll of vulnerability {unknown}
 t - a scroll of enchant armour {unknown}
 u - a scroll of immolation {unknown}
 v - a scroll of magic mapping {unknown}
 w - a scroll of identify {unknown}
Potions
 f - 3 potions of haste
 g - 5 potions of magic
 h - a potion of mutation {unknown}
 j - 3 potions of brilliance {unknown}
 n - 3 potions of resistance {unknown}
 o - 4 potions of flight {unknown}
 s - a potion of invisibility {unknown}


   Skills:
 + Level 7.5 Fighting
 + Level 9.3 Short Blades
 - Level 2.9 Throwing
 + Level 3.3 Dodging
 + Level 23.8 Stealth


You had 8 spell levels left.
You didn't know any spells.
Your spell library was empty.

Dungeon Overview and Level Annotations

Branches:
Dungeon (1/1)

Altars:
Cheibriados
Dithmenos
Elyvilon
Fedhas
Gozag
Hepliaklqana
Kikubaaqudgha
Makhleb
Nemelex Xobeh
Okawaru
Qazlal
Ru
Sif Muna
Trog
Uskayaw
Vehumet
Wu Jian
Xom
Yredelemnul
Zin
The Shining One
Jiyva
Lugonu

Shops:
D ?:!=*=[[([[


Innate Abilities, Weirdness & Mutations

You cannot wear most types of armour.
You are amphibious.
You can wear up to eight rings at the same time.
Your skin changes colour to match your surroundings (Stealth+).
Your rubbery body absorbs attacks. (AC +1, EV +1)
((You are camouflaged when in or above water. (Stealth+)))
You have tentacles for arms and can constrict up to eight enemies at once.


Message History

The foul vapour engulfs you.
You are lethally poisoned!
You feel yourself slow down.
* * * LOW HITPOINT WARNING * * *
Unknown command.
You feel better.
You are engulfed in noxious fumes.
You choke on the stench!
You are confused.
The death drake completely misses you. The death drake closely misses you.
The swamp drake breathes poison at you.
The noxious blast engulfs you but does no damage.
You are poisoned.
You are too confused!
Unknown command.
You feel yourself speed up.
You feel less confused.
You feel sick. The death drake completely misses you.
The swamp drake barely misses you. The death drake misses you.
Really wriggle into a travel-excluded area?
The swamp drake attacks as you move away!
The swamp drake bites you.
* * * LOW HITPOINT WARNING * * *
You feel sick.
You are no longer poisoned.
The death drake fails to trigger a net trap.
You enter the shallow water.
The swamp drake attacks as you move away!
The swamp drake completely misses you. The death drake bites you.
* * * LOW HITPOINT WARNING * * *
The death drake breathes miasma at you. The foul vapour misses you.
Blink to where?
Press: ? - help, Dir - move target
As you read the scroll of blinking, it crumbles to dust.
The swamp drake is engulfed in dark miasma.
As you open the door, it creaks loudly!
The wyvern hisses angrily.
You hear an angry hiss.
Found 243 gold pieces.
The wyvern attacks as you move away! The wyvern misses you.
The wyvern bites you!
You die...

#.○.▓§≈§§ ++ .. ##:)▓▓▓▓▓ ##~ ..
.. .#):▓...) .#~~~ .. #.
.#":▓)... .#~~ ## .####
+.##.#})▓.... .#~~ 3# ...#
...####▓[.[. .#~~### .##
###..#####..##)#▓(.() .#~##.###+#
#.##..#†.'..#.†#▓[...
.#~#...##.##.#.#@.#.○#..#..#▓)...
.+~'.#.'.<.+# #ll.####^.##.#▓..[.
.#~#.).##.##.#$#....###○○.##▓▓▓▓▓
##~##.###†# #.##.....k°~~~~~~~~~~
##~~#####.#####~~.....§#'########
##~~~#..#..#~~~~~~~.§~#.._.....#
#'#~##.#.##~~§§~~§~.~#._._....#
#.#~~##'##~~§≈≈§~§~§~#_._._...#
####~~~~~~~~~~≈≈≈≈~~~#._._._..#


You could see a death drake and 2 wyverns.

Vanquished Creatures
  A merfolk siren (D)
  A yaktaur (D)
  5 polar bears (D)
  A blink frog (D)
  A hornet (D)
  Menkaure (D)
  A water moccasin (D)
  4 scorpions (D)
15 creatures vanquished.

Vanquished Creatures (others)
  A water moccasin (D)
  4 tentacles (D)
5 creatures vanquished.

Grand Total: 20 creatures vanquished

Notes
Turn   | Place    | Note
-------+----------+-------------------------------------------
     0 | D        | dialectric the Octopode Brigand began the quest for the
                  | Orb.
     0 | D        | Reached XP level 1. HP: 14/14 MP: 1/1
     1 | D        | Noticed a merfolk siren
     4 | D        | Noticed a neqoxec
     7 | D        | Noticed a wyvern
     7 | D        | Noticed a wyvern
    10 | D        | Noticed a scorpion
    10 | D        | Noticed a scorpion
    10 | D        | Noticed a scorpion
    10 | D        | Noticed a scorpion
    15 | D        | Killed a scorpion
    16 | D        | Reached skill level 10 in Stealth
    16 | D        | Reached XP level 2. HP: 20/20 MP: 2/2
    16 | D        | Reached XP level 3. HP: 25/25 MP: 3/3
    16 | D        | Reached XP level 4. HP: 30/30 MP: 4/4
    19 | D        | Killed a scorpion
    20 | D        | Reached skill level 12 in Stealth
    20 | D        | Reached XP level 5. HP: 23/36 MP: 5/5
    22 | D        | Reached skill level 13 in Stealth
    26 | D        | Reached skill level 5 in Short Blades
    26 | D        | Reached skill level 14 in Stealth
    26 | D        | Reached XP level 6. HP: 19/43 MP: 6/6
    26 | D        | Noticed Menkaure
    26 | D        | Noticed a flying skull
    26 | D        | Noticed a flying skull
    26 | D        | Noticed a flying skull
    26 | D        | Noticed a flying skull
    34 | D        | Killed Menkaure
    35 | D        | Reached skill level 15 in Stealth
    39 | D        | Noticed a flying skull
    39 | D        | Noticed a flying skull
    39 | D        | Noticed a flying skull
    40 | D        | Noticed a flying skull
    40 | D        | Noticed a flying skull
    40 | D        | Noticed a flying skull
    41 | D        | Noticed a flying skull
    41 | D        | Noticed a flying skull
    46 | D        | Found Fiole's Armour Emporium.
    47 | D        | Found Xaril's Antique Weapon Emporium.
    47 | D        | Found Yrarph Qong's Armour Shoppe.
    48 | D        | Noticed a blink frog
    50 | D        | Killed a blink frog
    51 | D        | Reached skill level 17 in Stealth
    51 | D        | Reached XP level 7. HP: 16/49 MP: 7/7
    54 | D        | Found Plog's Jewellery Emporium.
    54 | D        | Found Vuchixadgh's General Store.
    55 | D        | Found Uvvibodi's Antique Armour Shoppe.
    55 | D        | Found Nowasch's Jewellery Emporium.
    56 | D        | Found Agroj's Book Emporium.
    56 | D        | Found Wiggupath's Magic Scroll Shoppe.
    56 | D        | Found Wacob's Antique Armour Emporium.
    57 | D        | Found Ynu Rit's Distillery.
    61 | D        | Killed a merfolk siren
    62 | D        | Reached skill level 5 in Fighting
    62 | D        | Reached skill level 19 in Stealth
    84 | D        | Found a stormy altar of Qazlal.
    84 | D        | Found an ornate altar of the Wu Jian Council.
    85 | D        | Found a hazy altar of Hepliaklqana.
    85 | D        | Found a sacrificial altar of Ru.
    86 | D        | Found a viscous altar of Jiyva.
    86 | D        | Found a shimmering blue altar of Sif Muna.
    87 | D        | Found a snail-covered altar of Cheibriados.
    87 | D        | Found an ancient bone altar of Kikubaaqudgha.
    87 | D        | Found a shimmering altar of Xom.
    87 | D        | Found a bloodstained altar of Trog.
    88 | D        | Found a shadowy altar of Dithmenos.
    88 | D        | Found a corrupted altar of Lugonu.
    89 | D        | Found a white marble altar of Elyvilon.
    89 | D        | Found a burning altar of Makhleb.
    90 | D        | Found a blossoming altar of Fedhas.
    92 | D        | Found an opulent altar of Gozag.
    92 | D        | Found a glowing golden altar of the Shining One.
    92 | D        | Found a basalt altar of Yredelemnul.
    92 | D        | Found a hide-covered altar of Uskayaw.
    92 | D        | Found a sparkling altar of Nemelex Xobeh.
    93 | D        | Found a glowing silver altar of Zin.
    93 | D        | Found a radiant altar of Vehumet.
    93 | D        | Found an iron altar of Okawaru.
    99 | D        | Became a worshipper of Trog the Wrathful
   113 | D        | Noticed a kraken
   244 | D        | Reached skill level 20 in Stealth
   244 | D        | Reached XP level 8. HP: 18/56 MP: 8/8
   246 | D        | Noticed a yaktaur
   246 | D        | Noticed a hornet
   246 | D        | Noticed a polar bear
   247 | D        | Noticed a polar bear
   247 | D        | Noticed a polar bear
   248 | D        | Killed a polar bear
   249 | D        | Killed a polar bear
   249 | D        | Reached * piety under Trog
   250 | D        | Reached skill level 21 in Stealth
   251 | D        | Killed a hornet
   252 | D        | Killed a polar bear
   253 | D        | Reached skill level 22 in Stealth
   253 | D        | Reached XP level 9. HP: 23/63 MP: 9/9
   254 | D        | Killed a yaktaur
   254 | D        | Reached ** piety under Trog
   262 | D        | Noticed a death drake
   264 | D        | Noticed a polar bear
   265 | D        | Noticed a polar bear
   266 | D        | Killed a polar bear
   267 | D        | Reached skill level 23 in Stealth
   268 | D        | Killed a polar bear
   354 | D        | Noticed a death drake
   355 | D        | Noticed a crystal guardian
   358 | D        | HP: 1/64 [death drake (10)]
   364 | D        | HP: 3/64 [death drake (4)]
   368 | D        | Slain by a wyvern

Illustrated notes

Levels and vault maps discovered:
D:        the_violet_keep_of_menkaure [sprint2_stairs_cluster_1,
          sprint2_shoproom, sprint2_temple, sprint2_basic_supplies,
          sprint2_obstacle_1, sprint2_obstacle_3, sprint2_obstacle_5,
          sprint2_obstacle_4, sprint2_obstacle_6, sprint2_timed_cluster_1,
          sprint2_smallroom_cluster_1, sprint2_smallroom_final_cluster_1,
          sprint2_transparent_cluster_1, sprint2_second_timed_cluster_1,
          sprint2_sniper_area_1, sprint2_heavy_combat_area_1,
          sprint2_mutation_trap_area_1, sprint2_forest_area_1,
          sprint2_light_combat_area_1, sprint2_behind_water_1,
          sprint2_near_end_vault_1]

Skill      XL: |  1  2  3  4  5  6  7  8  9 |
---------------+----------------------------+-----
Short Blades   | 3 4 5 6 7 8 9 |  9.3
Stealth        | 10 12 14 17 20 22 23 | 23.8
Fighting       | 3 4 5 6 7 |  7.5
Dodging        | 2 3 |  3.3
Throwing       | |  2.9

Action                     |  1- 3 |  4- 6 |  7- 9 || total
---------------------------+-------+-------+-------++-------
  Melee: Dagger            |     4 |    13 |    17 ||    34
         Tentacles         |     1 |     4 |     1 ||     6
         Constrict         |     1 |     3 |     1 ||     5
         Punch             |       |       |     1 ||     1
    Use: Potion            |     1 |     2 |     5 ||     8
         Scroll            |       |       |     1 ||     1
   Stab: Sleeping          |       |     1 |     8 ||     9
 Armour: Skin              |       |     1 |       ||     1
  Dodge: Dodged            |     1 |     3 |    16 ||    20

Table legend: (Time is in decaauts)
 A = Elapsed time spent in this place.
 B = Non-inter-level travel time spent in this place.
 C = Inter-level travel time spent in this place.
 D = Time resting spent in this place.
 E = Time spent auto-exploring this place.
 F = Levels seen in this place.
 G = Mean time per level.
                   A        B        C        D        E       F      G
               +--------+--------+--------+--------+--------+-----+--------+
         Total |    366 |    366 |      0 |     78 |      0 |   1 |  366.0 |
       Dungeon |    366 |    366 |      0 |     78 |      0 |   1 |  366.0 |
               +--------+--------+--------+--------+--------+-----+--------+

Top non-repeatable levels by time:
       D: 366 daAuts
